 Dungeon Crawl Stone Soup version 0.28.0-43-g3370ac3207 (webtiles) character file.

Game seed: 7416855683571224451

840 croobank the Firebug (level 7, -2/50 HPs)
             Began as a Red Draconian Fire Elementalist on Mar 23, 2022.
             Slain by a troll (11 damage)
             ... on level 6 of the Dungeon.
             The game lasted 00:12:47 (5930 turns).

croobank the Firebug (DrFE)                         Turns: 5930, Time: 00:12:50

Health: -2/50      AC:  8    Str: 10    XL:     7   Next: 67%
Magic:  11/13      EV: 13    Int: 17    God:
Gold:   258        SH:  0    Dex: 12    Spells: 6/14 levels left

rFire   + . .      SeeInvis .   a - +2 dagger (flame)
rCold   . . .      Faith    .   (no shield)
rNeg    + . .      Spirit   .   (armour unavailable)
rPois   .          Reflect  .   (helmet restricted)
rElec   .          Harm     .   (no cloak)
rCorr   .          Rampage  .   (no gloves)
Will    .....                   A - +1 pair of boots
Stlth   ++........              t - macabre finger necklace {rN+}
HPRegen 0.16/turn               (no ring)
MPRegen 0.13/turn               (no ring)
                                (no ring)

@: short of breath, attractive
A: breathe fire, AC +6, unfitting armour, fire resistance 1, cold-blooded
a: Breathe Fire


You were on level 6 of the Dungeon.
You visited 1 branch of the dungeon, and saw 6 of its levels.

You collected 258 gold pieces.

Inventory:

Hand Weapons
 a - a +2 dagger of flaming (weapon)
 b - a +0 hunting sling
 i - a +0 falchion
 l - a +0 dagger of pain
 s - a +2 dagger of speed
Missiles
 c - 3 javelins
 d - 84 stones
 f - 60 arrows
 j - 56 bolts
 m - 11 poisoned darts (quivered)
 p - 26 sling bullets
Armour
 A - a +1 pair of boots (worn)
Jewellery
 k - an amulet of reflection
 n - an amulet of faith
 t - the macabre finger necklace (around neck) {rN+}
   (You found it on level 4 of the Dungeon)

   [amulet of nothing]

   It enables you to equip an extra ring.
   rN:        It protects you from negative energy.
 x - a +4 ring of evasion
Wands
 u - a wand of iceblast (11)
Scrolls
 g - a scroll of teleportation
 q - a scroll of identify
 v - a scroll of blinking
 y - a scroll of noise {unknown}
 z - a scroll of immolation {unknown}
Potions
 e - 2 potions of curing
 o - a potion of lignification
 w - a potion of degeneration {unknown}


   Skills:
 + Level 3.9 Dodging
 + Level 4.2 Stealth
 + Level 4.0 Spellcasting
 + Level 3.8 Conjurations
 + Level 5.8 Fire Magic


You had 6 spell levels left.
You knew the following spells:

 Your Spells              Type           Power      Damage    Failure   Level
a - Foxfire               Conj/Fire      76%        2x1d7     2%          1
b - Scorch                Fire           46%        2d7       2%          2
c - Flame Wave            Conj/Fire      19%        2d6       22%         4
d - Slow                  Hex            12%        N/A       16%         1

Your spell library contained the following spells:

 Spells                   Type           Power      Damage    Failure   Level
 Conjure Flame            Conj/Fire      19%        6-21      6%          3
 Inner Flame              Hex/Fire       13%        N/A       14%         3
 Corpse Rot               Necr/Air       6%         N/A       24%         2
 Poisonous Vapours        Pois/Air       6%         N/A       24%         2
 Confusing Touch          Hex            3%         N/A       43%         3
 Vampiric Draining        Necr           3%         2d6       43%         3


Dungeon Overview and Level Annotations

Branches:
Dungeon (6/15)
 Temple: D:4-7

Altars:
Trog


Innate Abilities, Weirdness & Mutations

You can breathe blasts of fire.
Your fiery red scales are hard. (AC +6)
You cannot fit into any form of body armour.
Your flesh is heat resistant. (rF+)
You are cold-blooded and may be slowed by cold attacks.


Message History

You barely miss the troll.
The troll is severely wounded.
The troll misses you. The troll barely misses you.
The troll closely misses you.
You hit the troll. You burn the troll.
The troll is severely wounded.
The troll bites you but does no damage. The troll claws you.
The troll closely misses you.
You closely miss the troll.
The troll is severely wounded.
The troll bites you. The troll closely misses you.
The troll claws you but does no damage.
You closely miss the troll. You tail-slap the troll.
The troll is severely wounded.
The troll bites you but does no damage. The troll misses you.
The troll claws you.
You barely miss the troll.
The troll is severely wounded.
The ogre closely misses you. The troll misses you. The troll barely misses you.
The troll closely misses you.
Casting: Foxfire (safe; 2% risk of failure)
Confirm with . or Enter, or press ? or * to list all spells.
You don't know that spell.
The troll closely misses you. The troll barely misses you. x2
Casting: Foxfire (safe; 2% risk of failure)
Confirm with . or Enter, or press ? or * to list all spells.
Flames lash the ogre.
The ogre is moderately wounded.
The ogre's fire resistance burns away.
The ogre hits you with a +0 giant club! The troll closely misses you.
The troll claws you!
* * * LOW HITPOINT WARNING * * *
The troll barely misses you.
You are too injured to fight recklessly!
It was a potion of attraction.
You feel attractive to monsters. The ogre misses you.
The troll bites you but does no damage. The troll claws you.
* * * LOW HITPOINT WARNING * * *
The troll claws you!
You die...

..# #.# #### #.#
#.# ..# #.# #.# #.#
#(# #.# ##.###.#
#<# ##...##.##
###.#
####........###..[#
#....T...........##
#.##.@O.....###..#
##...##.## #..#
##.###... #..# #.#
####.#..# #.# #..#
..# #..# ### ...#


You could see a troll and an ogre (combustible).

Vanquished Creatures
  Sigmund (D:3)
  A water moccasin (D:5)
  A sky beast (D:5)
  An ogre (D:5)
  A scorpion (D:5)
  2 hounds
  3 iguanas
  2 orc wizards (D:4)
  A hound skeleton (D:4)
  5 adders
  An adder skeleton (D:4)
  3 worms
  2 dart slugs
  6 orcs
  8 endoplasms
  4 giant cockroaches
  5 goblins
  2 hobgoblins (D:1)
  10 jackals
  6 quokkas
  11 ball pythons
  3 bats
  2 frilled lizards (D:3)
  6 kobolds
  4 rats
91 creatures vanquished.

Vanquished Creatures (others)
  133 foxfires
133 creatures vanquished.

Grand Total: 224 creatures vanquished

Notes
Turn   | Place    | Note
-------+----------+-------------------------------------------
     0 | D:1      | croobank the Draconian Fire Elementalist began the quest
                  | for the Orb.
     0 | D:1      | Reached XP level 1. HP: 14/14 MP: 3/3
   317 | D:1      | Reached XP level 2. HP: 18/20 MP: 3/5
   862 | D:1      | Found a faded altar of an unknown god.
  1186 | D:1      | Learned a level 2 spell: Scorch
  1541 | D:2      | Reached XP level 3. HP: 26/26 MP: 1/6
  2591 | D:3      | Reached XP level 4. HP: 31/33 MP: 4/7
  2600 | D:3      | Learned a level 4 spell: Flame Wave
  2843 | D:3      | Noticed Sigmund
  2862 | D:3      | Killed Sigmund
  2863 | D:3      | Reached XP level 5. HP: 25/38 MP: 1/9
  3338 | D:4      | Found the macabre finger necklace {rN+}
  3343 | D:4      | Reached skill level 4 in Fire Magic
  3343 | D:4      | Reached XP level 6. HP: 45/45 MP: 3/10
  4017 | D:4      | Learned a level 1 spell: Slow
  4186 | D:4      | Found a bloodstained altar of Trog.
  4448 | D:5      | Entered Level 5 of the Dungeon
  4453 | D:5      | Your scales start taking on a fiery red colour.
  4453 | D:5      | Reached skill level 5 in Fire Magic
  4453 | D:5      | Reached XP level 7. HP: 35/50 MP: 3/12
  4453 | D:5      | Gained mutation: Your flesh is heat resistant. (rF+) [Red
                  | Draconian growth]
  5916 | D:6      | Noticed a troll
  5930 | D:6      | Slain by a troll

Illustrated notes

Levels and vault maps discovered:
D:1:      psy_arrival_heroes, layout_loops_corners,
          dilly_ecumenical_altar_fadedgnrine, serial_park_tiny_1
D:2:      layout_loops_corners
D:3:      layout_basic, wad_floor_pattern_untrapped, uniq_sigmund
D:4:      layout_cave_pools, nicolae_overflow_hidden_temple, bloody_trog,
          hangedman_decor_push
D:5:      layout_layer_cave
D:6:      layout_loops_ring, chequers_temple_overflow_minitemple,
          minmay_temple_entry_trees, gammafunk_ghost_necromancy,
          roderic_lattice_a

Skill      XL: |  1  2  3  4  5  6  7 |
---------------+----------------------+-----
Stealth        | 2 3 4 |  4.2
Dodging        | 2 3 |  3.9
Spellcasting   | 3 4 |  4.0
Conjurations   | 2 3 |  3.8
Fire Magic     | 4 5 |  5.8

Action                   |  1- 3 |  4- 6 |  7- 9 || total
-------------------------+-------+-------+-------++-------
Melee: Dagger            |    52 |    28 |     5 ||    85
       Tailslap          |     9 |     1 |     1 ||    11
       Short sword       |     2 |       |       ||     2
       Unarmed           |     2 |       |       ||     2
       Punch             |     2 |     1 |       ||     3
Throw: Dart              |       |       |     1 ||     1
 Cast: Foxfire           |    40 |    29 |    12 ||    81
       Scorch            |     7 |    41 |    14 ||    62
 Abil: Breathe Fire      |       |       |     1 ||     1
  Use: Scroll            |     1 |    10 |     1 ||    12
       Potion            |       |     2 |     1 ||     3
Armor: Skin              |    13 |    13 |     6 ||    32
Dodge: Dodged            |    31 |    47 |    20 ||    98
